 Dungeon Crawl Stone Soup version 0.20.1-1-g8b1a95d (webtiles) character file.

485 dohliylev the Covert (level 6, -2/43 HPs)
             Began as a Vampire Enchanter on Aug 8, 2017.
             Slain by a sky beast (3 damage)
             ... on level 5 of the Dungeon.
             The game lasted 00:19:37 (5317 turns).

dohliylev the Covert (Vampire Enchanter)            Turns: 5317, Time: 00:19:37

Health: -2/43      AC:  4    Str:  7    XL:     6   Next: 88%
Magic:  1/9        EV: 13    Int: 19    God:
Gold:   298        SH:  0    Dex: 15    Spells: 3/9 levels left

rFire    . . .     SeeInvis +   a - +1 dagger
rCold    . . .     Gourm    .   (no shield)
rNeg     + . .     Faith    .   b - +0 robe
rPois    .         Spirit   .   (no helmet)
rElec    .         Reflect  .   k - +0 cloak
rCorr    .         Harm     .   (no gloves)
MR       .....                  u - +0 pair of boots
Stlth    ++........             (no amulet)
Regen    0.2/turn               (no ring)
MPRegen  0.2/turn               (no ring)

@: very slow
A: fangs 3, see invisible, unbreathing
a: Bat Form


You were on level 5 of the Dungeon.
You were not thirsty.

You visited 1 branch of the dungeon, and saw 5 of its levels.
You also visited: Sewer.

You collected 298 gold pieces.

Inventory:

Hand Weapons
 a - a +1 dagger (weapon)
Armour
 b - a +0 robe (worn)
 k - a +0 cloak (worn)
 u - a +0 pair of boots (worn)
 y - a +0 cloak
Magical Staves
 o - an uncursed staff of air {unknown}
Jewellery
 x - a cursed ring of loudness {unknown}
Wands
 n - a wand of paralysis (13/24)
Scrolls
 e - a scroll of immolation {unknown}
 i - 6 scrolls of identify {unknown}
 j - a scroll of remove curse {unknown}
 l - 2 scrolls of magic mapping {unknown}
 p - 2 scrolls of enchant weapon {unknown}
 q - 6 scrolls of teleportation {unknown}
 s - 3 scrolls of amnesia {unknown}
 t - a scroll of recharging {unknown}
 v - a scroll of enchant armour {unknown}
 A - a scroll of vulnerability {unknown}
Potions
 d - 8 potions of blood
 f - a potion of curing {unknown}
 g - a potion of resistance {unknown}
 h - 2 potions of cancellation {unknown}
 m - 3 potions of berserk rage {unknown}
 r - 2 potions of heal wounds
 w - a potion of ambrosia {unknown}
 z - 3 potions of degeneration {unknown}
 B - a potion of might {unknown}
 C - 3 potions of flight {unknown}
 D - a potion of agility {unknown}
Books
 c - a book of Maledictions

   Spells                             Type                      Level
   a - Corona                         Hexes                        1
   b - Ensorcelled Hibernation        Hexes/Ice                    2
   c - Confuse                        Hexes                        3
   d - Tukima's Dance                 Hexes                        3
   e - Dazzling Spray                 Conjuration/Hexes            3


   Skills:
 - Level 1.0 Fighting
 + Level 3.9 Short Blades
 - Level 2.1 Dodging
 + Level 10.0 Stealth
 - Level 2.0 Spellcasting
 - Level 4.4 Hexes
 - Level 1.0 Ice Magic
 - Level 1.0 Evocations


You had 3 spell levels left.
You knew the following spells:

 Your Spells              Type           Power        Failure   Level  Hunger
a - Corona                Hex            ###....      2%          1    #......
b - Ensorcelled Hibernat  Hex/Ice        ##....       9%          2    ###....
c - Confuse               Hex            ###.....     9%          3    ###....


Dungeon Overview and Level Annotations

Branches:
Dungeon (5/15)
 Temple: D:4-7

Altars:
Ashenzari
Dithmenos
Gozag
Makhleb

Annotations:
D:4 Grinder


Innate Abilities, Weirdness & Mutations

You have razor-sharp teeth.
You have supernaturally acute eyesight. (SInv)
You can survive without breathing.


Message History

The sky beast hits you. The sky beast shocks you.
You miss the sky beast.
The sky beast is moderately wounded.
The sky beast hits you. The sky beast shocks you.
* * * LOW HITPOINT WARNING * * *
You hit the sky beast. Your bite misses the sky beast.
The sky beast is heavily wounded.
The sky beast hits you but does no damage.
You hit the sky beast but do no damage.
The sky beast is heavily wounded.
The sky beast hits you.
* * * LOW HITPOINT WARNING * * *
The sky beast shocks you.
* * * LOW HITPOINT WARNING * * *
You don't have enough magic at the moment.
The sky beast flickers out of sight for a moment.
You enter the shallow water.
Moving in this stuff is going to be slow.
The sky beast hits you.
You die...

#.# #.# #.#
#.# #.# #.#
#.# #.#
##.#
#.#####
##..#
#.....#
#...#
#####.#
##.. #Y≈≈#
###.#.....
#@≈≈#
#...†.....
#≈≈≈#
#.#Z......
#≈≈≈#
#.........
#≈.≈#
#..######.
#≈≈≈# ...
#≈≈≈# .##.
#≈≈≈# #. ..
#≈≈≈#######
.
#...#...†.#
#


You could see a sky beast.

Vanquished Creatures
  An ogre (D:5)
  A hound (D:2)
  2 bullfrog skeletons
  An orc wizard (D:5)
  2 iguanas
  A worker ant (D:3)
  A hound skeleton (D:4)
  A worker ant zombie (D:5)
  2 adders
  A gnoll (D:4)
  4 oozes
  An adder skeleton (D:4)
  5 worms
  A dart slug (D:1)
  5 leopard geckos
  2 orcs (D:3)
  10 giant cockroaches
  11 goblins
  13 hobgoblins
  12 jackals
  5 kobolds
  A quokka (D:2)
  3 ball pythons
  14 bats
  6 frilled lizards
  A leopard gecko zombie (D:5)
  11 rats
118 creatures vanquished.

Notes
Turn   | Place    | Note
-------+----------+-------------------------------------------
     0 | D:1      | dohliylev the Vampire Enchanter began the quest for the Orb.
     0 | D:1      | Reached XP level 1. HP: 13/13 MP: 3/3
   111 | D:1      | Reached skill level 5 in Stealth
   217 | D:1      | Reached XP level 2. HP: 16/19 MP: 5/5
   257 | D:1      | Learned a level 2 spell: Ensorcelled Hibernation
   780 | D:1      | Reached XP level 3. HP: 15/25 MP: 2/6
  1303 | D:2      | Reached skill level 6 in Stealth
  1440 | D:2      | Found a burning altar of Makhleb.
  1445 | D:2      | Reached skill level 1 in Ice Magic
  1445 | D:2      | Reached XP level 4. HP: 25/31 MP: 2/7
  2083 | D:2      | Found an opulent altar of Gozag.
  2230 | D:3      | Reached skill level 7 in Stealth
  2244 | D:3      | Found a shattered altar of Ashenzari.
  2869 | D:3      | Reached XP level 5. HP: 14/36 MP: 2/8
  3383 | D:4      | Reached skill level 1 in Fighting
  3383 | D:4      | Reached skill level 8 in Stealth
  3489 | D:4      | Learned a level 3 spell: Confuse
  3574 | D:4      | Noticed Grinder
  3578 | D:4      | Paralysed by Grinder for 6 turns
  3850 | D:4      | Noticed an ogre
  3883 | D:5      | Entered Level 5 of the Dungeon
  3885 | D:5      | Reached XP level 6. HP: 8/43 MP: 0/9
  4012 | D:5      | Reached skill level 1 in Evocations
  4094 | D:5      | Reached skill level 9 in Stealth
  4192 | D:5      | Found a shadowy altar of Dithmenos.
  4215 | D:5      | Found a glowing drain.
  4272 | Sewer    | Entered a sewer
  5268 | D:5      | Reached skill level 10 in Stealth
  5270 | D:5      | Noticed a sky beast
  5313 | D:5      | HP: 1/43 [sky beast (5)]
  5317 | D:5      | Slain by a sky beast

Skill      XL: |  1  2  3  4  5  6 |
---------------+-------------------+-----
Stealth        | 5 6 7 8 10 | 10.0
Short Blades   | 2 3 |  3.9
Ice Magic      | 1 |  1.0
Fighting       | 1 |  1.0
Evocations     | 1 |  1.0
Dodging        | |  2.1
Spellcasting   | |  2.0
Hexes          | |  4.4

Action                   |  1- 3 |  4- 6 || total
-------------------------+-------+-------++-------
Melee: Dagger            |   124 |   217 ||   341
       Bite              |     8 |    19 ||    27
 Cast: Ensorcelled Hiber |    22 |    60 ||    82
       Corona            |     1 |       ||     1
       Confuse           |       |     8 ||     8
 Abil: End Transformatio |       |     7 ||     7
       Bat Form          |       |     7 ||     7
  Use: Potion            |       |     9 ||     9
 Stab: Sleeping          |    17 |    57 ||    74
       Confused          |       |     2 ||     2
  Eat: Corpse            |     6 |     8 ||    14
Armor: Robe              |    15 |    66 ||    81
Dodge: Dodged            |    55 |   152 ||   207
